 Dungeon Sprint DCSS version 0.29-a0-512-gf59ac788ac (webtiles) character file.

Game seed: 14024438486317458731

58758 mhtbhm the Middleweight Champion (level 14, -4/150 HPs)
             Began as a Green Draconian Transmuter on May 29, 2022.
             Was an Initiate of Gozag.
             Slain by an ironbound preserver
             ... wielding a +0 morningstar
              (28 damage)
             ... in the Dungeon (Sprint IX: "|||||||||||||||||||||||||||||").
             The game lasted 00:18:53 (8657 turns).

mhtbhm the Middleweight Champion (DrTm)             Turns: 8657, Time: 00:18:54

Health: -4/150     AC: 11    Str: 16    XL:     14   Next: 50%
Magic:  30/33      EV: 17    Int: 18    God:    Gozag
Gold:   3342       SH:  0    Dex: 12    Spells: 26/43 levels left

rFire   x . .      SeeInvis .     - Unarmed
rCold   + + +      Faith    .   (shield currently unavailable)
rNeg    . . .      Spirit   .   (body armour unavailable)
rPois   +          Reflect  .   (helmet currently unavailable)
rElec   .          Harm     .   (cloak currently unavailable)
rCorr   .          Rampage  .   (gloves currently unavailable)
Will    +....      NoTele   +   (boots currently unavailable)
Stlth   ++++......              J - amulet of the acrobat
HPRegen 0.35/turn               l - +3 ring of strength
MPRegen 0.23/turn               m - +2 ring of evasion

@: ice-form, wereblooded, gold aura, hasted, very quick
A: freezing attack, amphibious, boosted hp, (breathe noxious fumes), AC +8,
large, unfitting armour, (stinger 1), (poison resistance), (cold-blooded)
a: End Transformation, Renounce Religion, Potion Petition, Call Merchant, Bribe
Branch


You were in the Dungeon.
You worshipped Gozag.
Gozag was most pleased with you.
You were a creature of crystalline ice.
You visited 1 branch You collected 17413 gold pieces.
You spent 4758 gold pieces at shops.
You paid 9313 gold pieces to Gozag.

Inventory:

Armour
 k - a +1 pair of gloves (melded)
 t - a +1 pair of boots of rampaging (melded)
 v - a +0 cloak (melded)
 I - a +0 hat of willpower (melded)
Jewellery
 l - a +3 ring of strength (left front paw)
 m - a +2 ring of evasion (right front paw)
 A - a ring of protection from fire
 B - a ring of protection from cold
 D - a ring of protection from cold
 F - the ring "Tujainif" {rC- rN+++ Will++ rCorr}
   (You bought it in a shop in the Dungeon)

   [ring of resist corrosion]

   rC:        It makes you vulnerable to cold.
   rN:        It renders you almost immune to negative energy.
   rCorr:     It protects you from acid and corrosion.
   Will:      It greatly increases your willpower.
 J - an amulet of the acrobat (around neck)
Wands
 j - a wand of acid (7)
 s - a wand of paralysis (11)
 u - a wand of iceblast (9)
 G - a wand of polymorph (3)
Scrolls
 g - 2 scrolls of blinking
 i - 2 scrolls of amnesia
 p - 2 scrolls of fear
 y - a scroll of fog
 z - a scroll of poison
 C - 2 scrolls of enchant armour
 E - 2 scrolls of enchant weapon
 H - a scroll of immolation
Potions
 a - a potion of lignification
 b - 3 potions of invisibility
 c - 2 potions of heal wounds
 e - 6 potions of magic
 f - 3 potions of berserk rage
 h - 6 potions of curing
 n - 2 potions of mutation
 o - 2 potions of resistance
 r - a potion of ambrosia
 w - 2 potions of brilliance
 x - a potion of cancellation
Miscellaneous
 q - a phantom mirror


   Skills:
 + Level 11.8 Fighting
 + Level 14.2 Dodging
 + Level 10.5 Stealth
 O Level 27 Unarmed Combat
 + Level 15.0 Spellcasting
 + Level 14.2 Transmutations
 + Level 10.3 Ice Magic
 + Level 3.9 Evocations


You had 26 spell levels left.
You knew the following spells:

 Your Spells              Type           Power      Damage    Failure   Level
a - Beastly Appendage     Tmut           100%       N/A       0%          1
b - Wereblood             Tmut           60%        N/A       1%          2
c - Spider Form           Tmut/Pois      39%        N/A       1%          3
d - Ice Form              Ice/Tmut       55%        N/A       1%          4
e - Storm Form            Tmut/Air       19%        N/A       91%         7

Your spell library contained the following spells:

 Spells                   Type           Power      Damage    Failure   Level
 Blink                    Tloc           26%        N/A       7%          2
 Manifold Assault         Tloc           13%        N/A       78%         5


Dungeon Overview and Level Annotations

Branches:
Dungeon (1/1)

Altars:
Cheibriados
Dithmenos
Elyvilon
Fedhas
Gozag
Hepliaklqana
Kikubaaqudgha
Makhleb
Nemelex Xobeh
Okawaru
Qazlal
Ru
Sif Muna
Trog
Uskayaw
Vehumet
Wu Jian
Xom
Yredelemnul
Zin
The Shining One
Beogh
Jiyva
Lugonu

Shops:
D =[*:*=:!?**


Innate Abilities, Weirdness & Mutations

You are a creature of crystalline ice.
You have a powerful freezing melee attack.
You are amphibious.
Your maximum health is increased.
Your armour is entirely melded.
You are incapable of wielding weapons or throwing items.
((You can breathe blasts of noxious fumes.))
((Your lurid green scales are hard. (AC +8)))
You cannot fit into any form of body armour.
((Your tail ends in a venomous barb.))
((Your system is resistant to poisons. (rPois)))
((You are cold-blooded and may be slowed by cold attacks.))


Message History

Unknown command.
Unknown command.
The yaktaur captain shouts!
You pulverise the yaktaur captain!!!
You freeze the yaktaur captain!
The yaktaur captain is no longer distracted by gold.
The yaktaur captain is moderately wounded.
You howl as the wereblood boils in your veins!
The yaktaur captain unwields a +0 arbalest.
The yaktaur captain hits you!!
* * * LOW HITPOINT WARNING * * *
Unknown command.
You squash the yaktaur captain like an ant!!!
You freeze the yaktaur captain!
The yaktaur captain is severely wounded.
Unknown command.
You punch the yaktaur captain! You freeze the yaktaur captain.
The yaktaur captain is severely wounded.
You kill the ironbound preserver!
Your Spellcasting skill increases to level 15!
An ironbound frostheart comes into view.
Unknown command.
You punch the yaktaur captain! You freeze the yaktaur captain.
The yaktaur captain is almost dead.
You howl as the wereblood boils in your veins!
The yaktaur captain hits you!
* * * LOW HITPOINT WARNING * * *
Unknown command.
Unknown command.
You punch the yaktaur captain! You freeze the yaktaur captain.
You feel a bit better.
You kill the yaktaur captain!
You howl as the wereblood boils in your veins!
Unknown command.
Unknown command.
Unknown command.
You feel yourself speed up.
The yaktaur captain is distracted by your dazzling golden aura.
The ironbound preserver hits you with a +0 morningstar!!
You die...
Your body crumbles into a pile of gold.

▓.▓.♣.♣.▓.▓.▓.▓.▓.
▓.▓.♣.♣.▓.▓.▓)▓.▓.
▓.▓∩♣.♣.▓∩▓.▓.▓.▓.
▓.▓.▓'▓.▓∩▓.▓.▓)▓.
▓$▓.▓)▓.▓.▓.▓.▓.▓.
$
▓.▓.▓.▓.▓.▓.▓.▓.▓.
$
▓$▓∩▓.▓.▓)▓)▓.▓.▓.
▓$▓.▓.▓.▓.▓.▓.▓.▓.
▓Y▓.▓.▓.▓.▓.▓)▓.▓.
$
▓p▓.▓.▓.▓.▓.▓)▓.▓'
▓$▓.▓.▓.▓'▓.▓)▓.▓.
▓.▓.▓.▓.▓.▓.▓.▓.▓.
▓.▓.▓.▓.▓.▓.▓)▓.▓.
▓p▓.▓'▓.▓.▓.▓)▓.▓.
▓c▓.▓.▓.▓.▓.▓∩▓)▓.
▓p▓.▓)▓.▓)▓.▓)▓.▓.
▓.▓.▓.▓.▓.▓∩▓.▓.


You could see an ironbound preserver, a yaktaur captain (unaware), an ironbound
frostheart and an ironbound convoker.

Vanquished Creatures
  Saint Roka (D)
  A sphinx (D)
  A tengu reaver (D)
  Gastronok (D)
  2 frost giants (D)
  A fire giant (D)
  3 very ugly things (D)
  3 ironbound preservers (D)
  4 stone giants (D)
  A vampire knight (D)
  2 eleionomae (D)
  A spark wasp (D)
  2 bunyips (D)
  An ettin (D)
  A fire dragon (D)
  3 ice dragons (D)
  A yaktaur captain (D)
  A great orb of eyes (D)
  A rakshasa (D)
  A hydra (D)
  2 boulder beetles (D)
  An ironbound frostheart (D)
  An anaconda (D)
  A centaur warrior (D)
  2 ogre magi (D)
  A catoblepas (D)
  An alligator (D)
  A deep troll shaman (D)
  4 two-headed ogres (D)
  2 orc high priests (D)
  A tengu warrior (D)
  A vampire mage (D)
  2 pharaoh ants (D)
  A naga ritualist (D)
  A sea snake (D)
  2 swamp dragons (D)
  An orb spider (D)
  A flayed ghost (D)
  A glowing orange brain (D)
  2 wizards (D)
  A wolf spider (D)
  A mana viper (D)
  2 ugly things (D)
  3 manticores (D)
  A cyclops (D)
  A moth of wrath (D)
  An orc sorcerer (D)
  2 guardian serpents (D)
  A salamander (D)
  Maurice (D)
  3 black mambas (D)
  2 water nymphs (D)
  A gargoyle (D)
  A torpor snail (D)
  4 cane toads (D)
  2 trolls (D)
  2 tyrant leeches (D)
  A meliai (D)
  3 merfolk (D)
  2 hornets (D)
  2 wind drakes (D)
  2 blink frogs (D)
  A polar bear (D)
  2 spriggans (D)
  4 yaks (D)
  3 wraiths (D)
  Grum (D)
  A basilisk (D)
  3 vampire mosquitoes (D)
  3 water moccasins (D)
  2 black bears (D)
  7 ogres (D)
  13 orc warriors (D)
  6 wolves (D)
  A centaur (D)
  5 bullfrogs (D)
  3 howler monkeys (D)
  5 orc priests (D)
  2 orc wizards (D)
  An adder (D)
  A dart slug (D)
  8 orcs (D)
  2 endoplasms (D)
  A hobgoblin (D)
  A quokka (D)
  A ball python (D)
177 creatures vanquished.

Vanquished Creatures (collateral kills)
  A wolf spider (D)
1 creature vanquished.

Grand Total: 178 creatures vanquished

Notes
Turn   | Place    | Note
-------+----------+-------------------------------------------
     0 | D        | mhtbhm the Draconian Transmuter began the quest for the
                  | Orb.
     0 | D        | Reached XP level 1. HP: 16/16 MP: 3/3
    15 | D        | Reached skill level 4 in Unarmed Combat
   222 | D        | Noticed a howler monkey
   222 | D        | Noticed a black bear
   226 | D        | Reached XP level 2. HP: 17/23 MP: 2/5
   235 | D        | Killed a howler monkey
   236 | D        | Reached skill level 5 in Unarmed Combat
   236 | D        | Reached XP level 3. HP: 23/28 MP: 4/8
   240 | D        | Killed a black bear
   241 | D        | Reached skill level 8 in Unarmed Combat
   241 | D        | Reached XP level 4. HP: 25/36 MP: 5/10
   241 | D        | Reached XP level 5. HP: 28/41 MP: 5/11
   339 | D        | Learned a level 2 spell: Wereblood
   343 | D        | Learned a level 3 spell: Spider Form
   348 | D        | Learned a level 4 spell: Ice Form
   351 | D        | Found a snail-covered altar of Cheibriados.
   351 | D        | Found a shadowy altar of Dithmenos.
   351 | D        | Found a white marble altar of Elyvilon.
   351 | D        | Found a blossoming altar of Fedhas.
   351 | D        | Found an opulent altar of Gozag.
   352 | D        | Found a hazy altar of Hepliaklqana.
   353 | D        | Found a viscous altar of Jiyva.
   354 | D        | Found an ancient bone altar of Kikubaaqudgha.
   355 | D        | Found a corrupted altar of Lugonu.
   356 | D        | Found a burning altar of Makhleb.
   357 | D        | Found a sparkling altar of Nemelex Xobeh.
   358 | D        | Found an iron altar of Okawaru.
   359 | D        | Became a worshipper of Gozag Ym Sagoz the Greedy
   360 | D        | Found a stormy altar of Qazlal.
   361 | D        | Found a sacrificial altar of Ru.
   362 | D        | Found a shimmering blue altar of Sif Muna.
   363 | D        | Found a bloodstained altar of Trog.
   364 | D        | Found a hide-covered altar of Uskayaw.
   365 | D        | Found a radiant altar of Vehumet.
   366 | D        | Found an ornate altar of the Wu Jian Council.
   367 | D        | Found a shimmering altar of Xom.
   368 | D        | Found a basalt altar of Yredelemnul.
   369 | D        | Found a glowing silver altar of Zin.
   370 | D        | Found a glowing golden altar of the Shining One.
   406 | D        | Noticed a yak
   406 | D        | Noticed a wraith
   406 | D        | Noticed a centaur
   406 | D        | Noticed a yak
   408 | D        | Killed a yak
   409 | D        | Reached skill level 9 in Unarmed Combat
   409 | D        | Reached skill level 5 in Spellcasting
   409 | D        | Reached XP level 6. HP: 49/49 MP: 5/13
   420 | D        | Killed a wraith
   421 | D        | Reached skill level 5 in Dodging
   421 | D        | Reached skill level 10 in Unarmed Combat
   421 | D        | Reached skill level 5 in Transmutations
   424 | D        | Reached skill level 1 in Stealth
   424 | D        | Reached skill level 11 in Unarmed Combat
   425 | D        | Your scales start taking on a lurid green colour.
   425 | D        | Reached XP level 7. HP: 43/56 MP: 8/16
   425 | D        | Gained mutation: Your system is resistant to poisons.
                  | (rPois) [Green Draconian growth]
   427 | D        | Killed a yak
   429 | D        | Reached skill level 12 in Unarmed Combat
   566 | D        | Noticed a troll
   566 | D        | Noticed a wraith
   566 | D        | Noticed a wraith
   566 | D        | Noticed a troll
   566 | D        | Noticed a centaur warrior
   566 | D        | Noticed a gargoyle
   573 | D        | Killed a troll
   574 | D        | Reached skill level 1 in Ice Magic
   576 | D        | Killed a wraith
   577 | D        | Reached skill level 13 in Unarmed Combat
   577 | D        | Reached XP level 8. HP: 56/63 MP: 11/18
   580 | D        | Killed a troll
   583 | D        | Killed a centaur warrior
   584 | D        | Reached skill level 14 in Unarmed Combat
   584 | D        | Reached XP level 9. HP: 35/71 MP: 12/20
   586 | D        | Killed a gargoyle
   587 | D        | Reached skill level 15 in Unarmed Combat
   938 | D        | Noticed a cane toad
   946 | D        | Noticed a polar bear
   949 | D        | Killed a cane toad
   953 | D        | Reached skill level 16 in Unarmed Combat
   961 | D        | Killed a polar bear
  1094 | D        | Noticed a cane toad
  1094 | D        | Noticed a six-headed hydra
  1101 | D        | Killed a cane toad
  1102 | D        | Reached XP level 10. HP: 80/80 MP: 17/22
  1113 | D        | Killed a six-headed hydra
  1114 | D        | Reached skill level 5 in Fighting
  1114 | D        | Reached skill level 17 in Unarmed Combat
  1349 | D        | Noticed a cane toad
  1353 | D        | Killed a cane toad
  1353 | D        | Noticed a cane toad
  1366 | D        | Reached skill level 18 in Unarmed Combat
  1374 | D        | Killed a cane toad
  1620 | D        | Noticed Maurice
  1630 | D        | Killed Maurice
  1768 | D        | Noticed a stone giant
  1789 | D        | Killed a stone giant
  1790 | D        | Reached XP level 11. HP: 40/91 MP: 20/24
  1792 | D        | Reached skill level 19 in Unarmed Combat
  1802 | D        | Reached skill level 10 in Dodging
  2240 | D        | Noticed an orc high priest
  2248 | D        | Killed an orc high priest
  2248 | D        | Noticed an orc sorcerer
  2249 | D        | Reached skill level 10 in Spellcasting
  2257 | D        | Noticed a sun demon
  2260 | D        | Reached skill level 5 in Ice Magic
  2263 | D        | Killed an orc sorcerer
  2268 | D        | Noticed an orc high priest
  2739 | D        | Killed an orc high priest
  3046 | D        | Found Baivoadgh's Distillery.
  3046 | D        | Noticed a two-headed ogre
  3048 | D        | Noticed an ogre mage
  3050 | D        | Killed a two-headed ogre
  3051 | D        | Noticed a two-headed ogre
  3054 | D        | Found Nunk's Magic Scroll Shoppe.
  3057 | D        | Noticed a two-headed ogre
  3059 | D        | Found Lyetwuta's Assorted Antiques.
  3061 | D        | Noticed an ogre mage
  3063 | D        | Killed an ogre mage
  3064 | D        | Reached skill level 20 in Unarmed Combat
  3064 | D        | Found Epuil's General Store.
  3069 | D        | Killed a two-headed ogre
  3070 | D        | Reached skill level 10 in Transmutations
  3074 | D        | Killed a two-headed ogre
  3078 | D        | Killed an ogre mage
  3079 | D        | Reached skill level 5 in Stealth
  3080 | D        | Noticed a two-headed ogre
  3351 | D        | Bought 2 potions of brilliance for 96 gold pieces
  3351 | D        | Bought a potion of cancellation for 96 gold pieces
  3351 | D        | Bought a potion of resistance for 120 gold pieces
  3351 | D        | Bought a potion of heal wounds for 60 gold pieces
  3351 | D        | Bought a potion of invisibility for 96 gold pieces
  3351 | D        | Bought a potion of curing for 36 gold pieces
  3351 | D        | Bought a potion of invisibility for 96 gold pieces
  3351 | D        | Bought a potion of curing for 36 gold pieces
  3351 | D        | Bought a potion of heal wounds for 60 gold pieces
  3363 | D        | Killed a two-headed ogre
  3403 | D        | Bought a scroll of identify for 22 gold pieces
  3403 | D        | Bought a scroll of fog for 22 gold pieces
  3405 | D        | Bought a potion of curing for 51 gold pieces
  3407 | D        | Bought a scroll of fear for 45 gold pieces
  3407 | D        | Bought a wand of paralysis (8) for 130 gold pieces
  3407 | D        | Bought a potion of heal wounds for 65 gold pieces
  3407 | D        | Bought a scroll of poison for 45 gold pieces
  3528 | D        | Noticed Grum
  3540 | D        | Killed Grum
  3673 | D        | Bought an Inescapable Atlas for 510 gold pieces
  3675 | D        | Bought the ring "Tujainif" {rC- rN+++ Will++ rCorr} for 691
                  | gold pieces
  3736 | D        | Learned a level 7 spell: Storm Form
  3736 | D        | Noticed a boulder beetle
  3736 | D        | Noticed a catoblepas
  3736 | D        | Noticed a tengu warrior
  4038 | D        | Killed a catoblepas
  4039 | D        | Reached skill level 21 in Unarmed Combat
  4039 | D        | Reached XP level 12. HP: 93/101 MP: 21/27
  4065 | D        | Killed a tengu warrior
  4196 | D        | Killed a boulder beetle
  4197 | D        | Reached skill level 1 in Evocations
  4288 | D        | Noticed a green very ugly thing
  4289 | D        | Noticed a spark wasp
  4292 | D        | Noticed a green very ugly thing
  4297 | D        | Noticed a frost giant
  4301 | D        | Killed a green very ugly thing
  4302 | D        | Noticed an ettin
  4311 | D        | Killed a spark wasp
  4311 | D        | Noticed a rakshasa
  4315 | D        | Killed a green very ugly thing
  4316 | D        | Reached skill level 22 in Unarmed Combat
  4320 | D        | Noticed an ice dragon
  4322 | D        | Killed a frost giant
  4707 | D        | Killed an ettin
  4721 | D        | Killed a rakshasa
  4736 | D        | Killed an ice dragon
  5941 | D        | Bought a lead wand for 140 gold pieces
  5941 | D        | Bought a scroll labelled KOITOTRIHE for 35 gold pieces
  5941 | D        | Bought a scroll labelled MUOFIO QY TEPNE for 35 gold pieces
  5941 | D        | Bought a potion of mutation for 280 gold pieces
  5948 | D        | Bought a phantom mirror for 960 gold pieces
  5948 | D        | Bought a potion of heal wounds for 120 gold pieces
  5948 | D        | Bought a scroll of fog for 48 gold pieces
  5948 | D        | Bought a bubbling cyan potion for 21 gold pieces
  5948 | D        | Bought a scroll of identify for 48 gold pieces
  5955 | D        | Noticed an eleionoma
  5955 | D        | Noticed an alligator
  5956 | D        | Noticed a bunyip
  5959 | D        | Reached skill level 23 in Unarmed Combat
  5977 | D        | Noticed a bunyip
  5991 | D        | Killed an eleionoma
  5992 | D        | Reached XP level 13. HP: 25/111 MP: 27/29
  6313 | D        | Killed a bunyip
  6318 | D        | Killed a bunyip
  6333 | D        | Noticed an eleionoma
  6345 | D        | Killed an eleionoma
  6644 | D        | Reached skill level 24 in Unarmed Combat
  6658 | D        | Reached skill level 10 in Fighting
  7004 | D        | Reached skill level 25 in Unarmed Combat
  7362 | D        | Noticed Gastronok
  7369 | D        | Killed Gastronok
  7565 | D        | Bought a pair of glowing boots for 247 gold pieces
  7565 | D        | Bought a pair of runed boots for 247 gold pieces
  7576 | D        | Bought an amulet of the acrobat for 300 gold pieces
  7585 | D        | Noticed Saint Roka
  7615 | D        | Killed Saint Roka
  8003 | D        | Noticed a tengu reaver
  8003 | D        | Noticed a fire dragon
  8009 | D        | Noticed a frost giant
  8018 | D        | Killed a tengu reaver
  8019 | D        | Noticed a stone giant
  8023 | D        | Killed a fire dragon
  8024 | D        | Noticed a brown very ugly thing
  8028 | D        | Noticed a stone giant
  8033 | D        | Reached skill level 26 in Unarmed Combat
  8033 | D        | Gained mutation: Your tail ends in a venomous barb. [Green
                  | Draconian growth]
  8033 | D        | Reached XP level 14. HP: 122/122 MP: 28/32
  8036 | D        | Killed a frost giant
  8036 | D        | Noticed a sphinx
  8038 | D        | Killed a stone giant
  8046 | D        | Killed a brown very ugly thing
  8047 | D        | Noticed a fire giant
  8052 | D        | Killed a stone giant
  8059 | D        | Killed a sphinx
  8065 | D        | Noticed a stone giant
  8069 | D        | Noticed a vampire knight
  8457 | D        | Killed a fire giant
  8459 | D        | Killed a stone giant
  8460 | D        | Reached skill level 27 in Unarmed Combat
  8564 | D        | Killed a vampire knight
  8624 | D        | Noticed an ironbound preserver
  8624 | D        | Noticed an ironbound preserver
  8630 | D        | Noticed an ironbound preserver
  8633 | D        | Killed an ironbound preserver
  8634 | D        | Reached skill level 10 in Stealth
  8640 | D        | Killed an ironbound preserver
  8641 | D        | Reached skill level 10 in Ice Magic
  8643 | D        | Noticed an ironbound preserver
  8654 | D        | Killed an ironbound preserver
  8655 | D        | Reached skill level 15 in Spellcasting
  8657 | D        | Slain by an ironbound preserver

Illustrated notes

Levels and vault maps discovered:
D:        linesprint [early_d, line_temple, items_1, d_10, items_2, lair_1,
          lair_end, items_3, orc_1, orc_end, items_4, d_15, swamp_1, shoals_1,
          snake_1, spider_1, d_20, vaults_1, items_5, swamp_end, shoals_end,
          snake_end, spider_end, vaults_end, d_27, items_6, zot_1, zot_end,
          crypt_end, forest_end, elf_end, slime_end, tomb_end, abyss_end,
          pan_hell_end]

Skill      XL: |  1  2  3  4  5  6  7  8  9 10 11 12 13 14 |
---------------+-------------------------------------------+-----
Dodging        | 2 3 4 5 6 7 8 9 10 11 13 14 | 14.2
Unarmed Combat | 4 5 8 9 11 13 14 16 18 21 23 26 27 | 27.0
Spellcasting   | 3 4 5 6 7 8 9 11 12 14 15 | 15.0
Transmutations | 3 4 5 6 7 8 10 12 13 14 | 14.2
Fighting       | 2 3 4 6 7 9 10 11 | 11.8
Stealth        | 1 2 3 4 5 7 8 10 | 10.5
Ice Magic      | 1 2 3 4 6 8 9 10 | 10.3
Evocations     | 1 3 |  3.9

Action                   |  1- 3 |  4- 6 |  7- 9 | 10-12 | 13-15 || total
-------------------------+-------+-------+-------+-------+-------++-------
Melee: Unarmed           |    27 |    20 |    40 |   299 |   190 ||   576
       Headbutt          |     8 |     1 |       |     1 |       ||    10
       Kick              |     7 |       |       |     3 |       ||    10
       Tailslap          |     3 |     2 |       |     3 |       ||     8
       Punch             |     1 |       |       |     9 |       ||    10
 Cast: Beastly Appendage |     2 |       |       |     3 |       ||     5
       Ice Form          |       |     1 |     4 |    21 |     9 ||    35
       Wereblood         |       |     1 |     1 |    13 |     6 ||    21
Invok: Call Merchant     |       |       |       |     5 |     2 ||     7
       Potion Petition   |       |       |       |       |     2 ||     2
 Abil: Breathe Noxious F |       |       |     3 |    12 |     3 ||    18
Evoke: Wand              |       |       |       |     3 |     2 ||     5
       Phantom mirror    |       |       |       |       |     4 ||     4
  Use: Potion            |     1 |       |       |     6 |     9 ||    16
       Scroll            |       |       |       |     6 |     4 ||    10
 Stab: Confused          |       |       |       |     6 |     2 ||     8
       Distracted        |       |       |       |     4 |     2 ||     6
       Sleeping          |       |       |       |       |     1 ||     1
Armor: Skin              |     4 |     9 |     5 |    37 |    26 ||    81
Dodge: Dodged            |    16 |    15 |    21 |   110 |    72 ||   234

Table legend: (Time is in decaauts)
 A = Elapsed time spent in this place.
 B = Non-inter-level travel time spent in this place.
 C = Inter-level travel time spent in this place.
 D = Time resting spent in this place.
 E = Time spent auto-exploring this place.
 F = Levels seen in this place.
 G = Mean time per level.
                   A        B        C        D        E       F      G
               +--------+--------+--------+--------+--------+-----+--------+
         Total |   8458 |   8458 |      0 |   5241 |   1027 |   1 | 8458.0 |
       Dungeon |   8458 |   8458 |      0 |   5241 |   1027 |   1 | 8458.0 |
               +--------+--------+--------+--------+--------+-----+--------+

Top non-repeatable levels by time:
       D: 8458 daAuts
